 Dungeon Crawl Stone Soup version 0.32-a0-932-g546787307d (webtiles) character file.

Game seed: 6631467260636611062

13601 frankiepal the Frost Mage (level 12, 0/86 HPs)
             Began as a Barachi Ice Elementalist on Apr 13, 2024.
             Was a Believer of Sif Muna.
             Slain by Jorgrun
             ... wielding a +0 heavy quarterstaff
              (16 damage)
             ... on level 12 of the Dungeon on Apr 14, 2024.
             The game lasted 01:52:16 (12790 turns).

frankiepal the Frost Mage (BaIE)                   Turns: 12790, Time: 01:52:17

Health: 0/86       AC: 14    Str: 11    XL:     12   Next: 7%
Magic:  0/26       EV: 17    Int: 20    God:    Sif Muna [**....]
Gold:   741        SH:  0    Dex: 13    Spells: 9/31 levels left

rFire   + . .        v - +8 hammer "Numeug" {flame, rElec rC+ rN+ Str-5}
rCold   + . .        (no shield)
rNeg    + . .        W - +0 acid dragon scales
rPois   .            Z - +2 helmet {Int+3}
rElec   +            u - +1 cloak
rCorr   +            (no gloves)
SInv    .            F - +0 pair of boots
Will    .....        r - amulet of guardian spirit
Stlth   +            G - +5 ring of evasion
HPRegen 0.34/turn    Q - ring "Teph" {rF+ Str+3}
MPRegen 0.20/turn

%: guardian spirit
@: silenced, freezing walls, slow
A: amphibious, slowness 1, strong legs 1, +LOS
a: Hop, Renounce Religion


You were on level 12 of the Dungeon.
You worshipped Sif Muna.
Sif Muna was pleased with you.
You visited 2 branches of the dungeon, and saw 13 of its levels.

You collected 741 gold pieces.

Inventory:

Hand Weapons
 e - a +0 long sword
 g - a +0 great sword
 i - a +0 quarterstaff of freezing
 t - a +4 quarterstaff of chaos
 v - the +8 hammer "Numeug" (weapon) {flame, rElec rC+ rN+ Str-5}
   (You found it on level 2 of the Dungeon)

   Str-5:     It affects your strength (-5).
   rC+:       It protects you from cold.
   rElec:     It insulates you from electricity.
   rN+:       It protects you from negative energy.
 y - the +5 whip "Zerghimne" {flame, *Corrode Int+4}
   (You found it on level 3 of the Dungeon)

   Int+4:     It affects your intelligence (+4).
   *Corrode:  It may corrode you when you take damage.
 A - a +3 scimitar of flaming
 P - a +5 mace of freezing
Missiles
 s - 4 throwing nets
Armour
 n - a +1 robe of cold resistance
 p - a +0 pair of boots
 u - a +1 cloak (worn)
 F - a +0 pair of boots (worn)
 J - a +4 ring mail
 O - a +0 cloak
 W - +0 acid dragon scales (worn)
 Y - a +3 chain mail of cold resistance
 Z - a +2 helmet of intelligence (worn)
Jewellery
 a - a ring of ice
 r - an amulet of guardian spirit (around neck)
 G - a +5 ring of evasion (left hand)
 M - the ring of Shadows {Umbra +Inv Stlth+}
   (You found it on level 6 of the Dungeon)

   [ring of stealth]

   Umbra:     It surrounds you with an aura of shadow, increasing your stealth
   and reducing the accuracy of all others within it.
   +Inv:      It lets you turn invisible.
   Stlth+:    It makes you more stealthy.
 Q - the ring "Teph" (right hand) {rF+ Str+3}
   (You found it on level 9 of the Dungeon)

   [ring of protection from fire]

   Str+3:     It affects your strength (+3).
   rF+:       It protects you from fire.
 T - a ring of poison resistance
 U - a ring of wizardry
Wands
 o - a wand of digging (4)
 E - a wand of mindburst (5)
 S - a wand of roots (21)
Scrolls
 c - a scroll of fog
 h - 6 scrolls of teleportation
 q - a scroll of poison
 w - 2 scrolls of butterflies
 B - 3 scrolls of blinking
 I - a scroll of revelation
 L - a scroll of vulnerability {unknown}
 V - a scroll of amnesia {unknown}
 X - 2 scrolls of immolation
Potions
 b - 4 potions of magic
 j - 2 potions of attraction
 l - 9 potions of curing
 x - 3 potions of brilliance
 z - a potion of lignification {unknown}
 D - a potion of enlightenment
 R - 2 potions of resistance


   Skills:
 + Level 5.2 Fighting
 + Level 2.1 Long Blades
 + Level 5.2 Armour
 + Level 5.7 Dodging
 - Level 2.0 Stealth
 + Level 10.1 Spellcasting
 + Level 0.3 Conjurations
 * Level 7.9 Summonings
 + Level 6.1 Translocations
 - Level 14.0 Ice Magic


You had 9 spell levels left.
You knew the following spells:

 Your Spells              Type           Power      Damage    Failure   Level
a - Freeze                Ice            100%       1d10      1%          1
b - Frozen Ramparts       Ice            100%       1d16      1%          3
c - Ozocubu's Armour      Ice            60%        N/A       1%          3
d - Summon Ice Beast      Ice/Summ       52%        N/A       1%          3
e - Hailstorm             Conj/Ice       39%        3d9       1%          3
f - Blink                 Tloc           68%        N/A       1%          2
g - Lesser Beckoning      Tloc           68%        N/A       1%          2
h - Momentum Strike       Conj/Tloc      46%        3d9       4%          2
i - Teleport Other        Tloc           34%        N/A       2%          3

Your spell library contained the following spells:

 Spells                   Type           Power      Damage    Failure   Level
 Call Imp                 Summ           82%        N/A       1%          2
 Maxwell's Portable Pile  Tloc           34%        2d(8-23)  2%          3
 Magic Dart               Conj           44%        1d5       9%          1
 Shock                    Conj/Air       40%        1d5       10%         1
 Searing Ray              Conj           22%        2d5       13%         2
 Sublimation of Blood     Necr           10%        N/A       16%         2
 Inner Flame              Hex/Fire       10%        N/A       30%         3
 Swiftness                Air            10%        N/A       30%         3
 Summon Mana Viper        Hex/Summ       26%        N/A       47%         5
 Permafrost Eruption      Ice/Erth       19%        2x4d5     65%         6
 Flame Wave               Conj/Fire      10%        2d6       67%         4
 Fulminant Prism          Conj/Alch      5%         3d7       67%         4
 Airstrike                Air            5%         2d(1-17)  69%         4
 Leda's Liquefaction      Alch/Erth      5%         N/A       69%         4
 Sticky Flame             Fire/Alch      10%        2d5       69%         4
 Lee's Rapid Deconstruct  Erth           5%         3d6*      95%         5
 Monstrous Menagerie      Summ           20%        N/A       97%         7
 Summon Hydra             Summ           20%        N/A       97%         7


Dungeon Overview and Level Annotations

Branches:
Dungeon (12/15)            Temple (1/1) D:5            Lair (0/5) D:9
    Orc: D:9-12

Altars:
Ashenzari
Cheibriados
Dithmenos
Elyvilon
Fedhas
Gozag
Hepliaklqana
Kikubaaqudgha
Makhleb
Nemelex Xobeh
Okawaru
Qazlal
Ru
Sif Muna
Trog
Uskayaw
Vehumet
Wu Jian
Xom
Yredelemnul
Zin
The Shining One

Annotations:
D:12 Jorgrun


Innate Abilities, Weirdness & Mutations

You are amphibious.
You cover ground slowly.
You can hop short distances.
You have an extended range of vision and can be seen from far away.


Message History

Jorgrun resists with almost no effort.
Jorgrun says, "May tha earth consume ye!"
Your icy armour cracks and falls away as you move.
Your ice beast closely misses Jorgrun.
An orc warrior and an orc wizard come into view.
Your ice beast disappears in a puff of smoke!
Jorgrun mutters some incantations to himself.
Casting: Teleport Other (mildly dangerous; 2% risk of failure)
Confirm with . or Enter, or press ? or * to list all spells.
Casting: Frozen Ramparts (safe; 1% risk of failure)
Press: ? - help, Dir - look around, f - activate The walls around you are covered in ice.
The orc warrior shouts!
You hear a shout!
The wall freezes Jorgrun.
Jorgrun points at you and mumbles some strange words.
The iron shot hits you!!!
* * * LOW HITPOINT WARNING * * *
A cyclops comes into view.
Casting: Frozen Ramparts (safe; 1% risk of failure)
Confirm with . or Enter, or press ? or * to list all spells.
Okay, then.
You feel better.
The wall freezes Jorgrun.
Okay, then.
As you read the scroll of silence, it crumbles to dust.
A profound silence engulfs you.
The wall freezes Jorgrun.
Jorgrun misses you.
You miss Jorgrun.
Jorgrun is heavily wounded.
The orc warrior unwields a +0 trident.
The orc warrior wields a +0 arbalest.
The orc warrior shoots a bolt.
The bolt closely misses you.
The wall freezes Jorgrun but does no damage.
Jorgrun misses you.
You miss Jorgrun.
Jorgrun is heavily wounded.
The orc warrior shoots a bolt.
The bolt completely misses you.
An orc comes into view. It is wielding a +0 mace.
Magic scrolls do not work when you're silenced!
Okay, then.
The wall freezes Jorgrun!
Jorgrun hits you with a +0 heavy quarterstaff!!
You die...

.o..... ...o..... ...oC...
........ #.. ... #.. ... #
###. #.# #.# .#..... #.#
#.# #....... ### #.#
#@##.~~~.~.+ ..#
##.###g#.#..~.... ### #.#
##.......)....~..~ ##.###.#
#.......).........
#...##.####..........#)....
>....................+ ....
#...##.####.#.#...#.## ..
##.###^####.........# .
#.......##.#.#.#####


You could see Jorgrun, a cyclops, an orc warrior, an orc wizard and an orc.

Vanquished Creatures
  Snorg (D:10)
  Erolcha (D:11)
  A two-headed ogre (D:12)
  The ghost of whodunnit the Grappler, a novice DrSh of Qazlal (D:9)
  A fire crab (D:10)
  A deep elf pyromancer (D:12)
  Maggie (D:8)
  An efreet (D:11)
  A troll (D:11)
  2 shadows
  A wraith (D:7)
  5 wyverns
  3 fire elementals (D:10)
  9 yaks
  Edmund (D:5)
  An acid dragon (D:10)
  2 water moccasins
  A hell hound (D:10)
  2 ice beasts
  A sky beast (D:8)
  2 orc warriors
  2 black bears
  2 ogres (D:4)
  2 wolves (D:9)
  2 centaurs
  4 bullfrogs
  2 kobold brigands
  2 scorpions (D:5)
  A gnoll sergeant (D:8)
  8 wights
  5 killer bees
  A howler monkey (D:8)
  A bombardier beetle (D:3)
  Crazy Yiuf (D:2)
  3 hounds
  5 jellies
  3 orc priests
  A gnoll bouda (D:6)
  2 sleepcaps
  3 iguanas
  3 orc wizards
  Robin (D:2)
  12 gnolls
  7 adders
  2 white imps
  A dart slug (D:5)
  3 ribbon worms
  22 orcs
  6 ball pythons
  3 endoplasms
  2 giant cockroaches
  6 hobgoblins
  8 bats
  2 frilled lizards
  14 goblins
  16 kobolds
  5 rats
202 creatures vanquished.

Vanquished Creatures (collateral kills)
  Fannar (D:11)
  A manticore (D:12)
  A komodo dragon (D:11)
  Psyche (D:8)
  A hornet (D:9)
  Grum (D:9)
  4 yaks
  An orc warrior (D:8)
  An ice beast (D:8)
  A centaur (D:12)
  A wight (D:8)
  A killer bee (D:10)
  A bombardier beetle (D:5)
  A hound (D:5)
  A gnoll (D:8)
18 creatures vanquished.

Grand Total: 220 creatures vanquished

Notes
Turn   | Place    | Note
-------+----------+-------------------------------------------
     0 | D:1      | frankiepal the Barachi Ice Elementalist began the quest for
                  | the Orb.
     0 | D:1      | Reached XP level 1. HP: 13/13 MP: 3/3
    52 | D:1      | Reached skill level 5 in Ice Magic
   119 | D:1      | Reached XP level 2. HP: 11/20 MP: 1/5
   776 | D:2      | Reached XP level 3. HP: 20/25 MP: 2/7
   834 | D:2      | Learned a level 3 spell: Frozen Ramparts
   838 | D:2      | Learned a level 3 spell: Ozocubu's Armour
   903 | D:2      | Found a runed translucent door.
   904 | D:2      | Noticed Crazy Yiuf
  1281 | D:2      | Noticed Robin
  1313 | D:2      | Killed Robin
  1314 | D:2      | Reached XP level 4. HP: 6/31 MP: 0/8
  1838 | D:2      | Killed Crazy Yiuf
  1839 | D:2      | Reached skill level 1 in Long Blades
  1839 | D:2      | Reached skill level 6 in Ice Magic
  1897 | D:2      | Identified the +8 hammer "Numeug" {flame, rElec rC+ rN+
                  | Str-5}
  2042 | D:3      | Reached skill level 1 in Fighting
  2042 | D:3      | Reached XP level 5. HP: 37/37 MP: 2/9
  2433 | D:3      | Identified the +5 whip "Zerghimne" {flame, *Corrode Int+4}
  2469 | D:3      | Reached XP level 6. HP: 43/43 MP: 6/11
  2564 | D:3      | Reached skill level 1 in Armour
  2564 | D:3      | Reached skill level 7 in Ice Magic
  2663 | D:3      | Found a faded altar of an unknown god.
  3330 | D:4      | Reached skill level 8 in Ice Magic
  3330 | D:4      | Reached XP level 7. HP: 48/48 MP: 4/13
  4120 | D:5      | Entered Level 5 of the Dungeon
  4252 | D:5      | Reached skill level 9 in Ice Magic
  4252 | D:5      | Reached XP level 8. HP: 40/54 MP: 15/15
  4256 | D:5      | Learned a level 3 spell: Summon Ice Beast
  4260 | D:5      | Learned a level 3 spell: Hailstorm
  4401 | D:5      | Reached skill level 5 in Spellcasting
  4569 | D:5      | Found a hide-covered altar of Uskayaw.
  4660 | D:5      | Found a staircase to the Ecumenical Temple.
  4668 | D:5      | Noticed Edmund
  4678 | Temple   | Entered the Ecumenical Temple
  4710 | Temple   | Became a worshipper of Elyvilon the Healer
  4724 | D:5      | Killed Edmund
  4725 | D:5      | Reached skill level 1 in Summonings
  5084 | D:5      | Reached skill level 10 in Ice Magic
  5448 | D:6      | Reached * piety under Elyvilon
  5528 | D:6      | Found the ring of Shadows {Umbra +Inv Stlth+}
  6091 | D:7      | Reached XP level 9. HP: 61/61 MP: 17/17
  6399 | D:7      | Reached skill level 11 in Ice Magic
  6681 | D:7      | Found an ancient bone altar of Kikubaaqudgha.
  6681 | D:7      | Found a blossoming altar of Fedhas.
  6714 | D:7      | Reached ** piety under Elyvilon
  7118 | D:8      | Noticed Psyche
  7133 | D:8      | Killed Psyche
  7245 | D:8      | Reached skill level 12 in Ice Magic
  7245 | D:8      | Reached XP level 10. HP: 71/71 MP: 20/20
  7436 | D:8      | Noticed Maggie
  7449 | D:8      | Killed Maggie
  7450 | D:8      | Reached skill level 5 in Summonings
  7711 | D:8      | Reached skill level 1 in Translocations
  7714 | D:8      | Learned a level 2 spell: Blink
  7717 | D:8      | Learned a level 2 spell: Lesser Beckoning
  7720 | D:8      | Learned a level 2 spell: Momentum Strike
  7724 | D:8      | Learned a level 3 spell: Teleport Other
  7744 | D:8      | Found a broken altar of Ashenzari.
  7747 | D:8      | Found an iron altar of Okawaru.
  7749 | D:8      | Found a shimmering blue altar of Sif Muna.
  7809 | D:8      | Found a glowing golden altar of the Shining One.
  7809 | D:8      | Found a stormy altar of Qazlal.
  7809 | D:8      | Found a hazy altar of Hepliaklqana.
  7809 | D:8      | Found an ornate altar of the Wu Jian Council.
  7811 | D:8      | Found a radiant altar of Vehumet.
  7812 | D:8      | Fell from the grace of Elyvilon
  7817 | D:8      | Became a worshipper of Sif Muna the Loreminder
  7822 | D:8      | Found a bloodstained altar of Trog.
  7823 | D:8      | Found a sparkling altar of Nemelex Xobeh.
  7824 | D:8      | Found an opulent altar of Gozag.
  7825 | D:8      | Found a snail-covered altar of Cheibriados.
  8523 | D:9      | Identified the ring "Teph" {rF+ Str+3}
  8534 | D:9      | Found a staircase to the Lair.
  8963 | D:9      | Found a sacrificial altar of Ru.
  9279 | D:9      | Found a runed translucent door.
  9280 | D:9      | Noticed whodunnit's ghost (novice DrSh)
  9394 | D:9      | Reached * piety under Sif Muna
  9399 | D:9      | Noticed Grum
  9413 | D:9      | Killed Grum
  9775 | D:9      | Killed whodunnit's ghost
  9776 | D:9      | Reached skill level 13 in Ice Magic
  9776 | D:9      | Reached XP level 11. HP: 52/78 MP: 12/23
  9908 | D:10     | Entered Level 10 of the Dungeon
 10236 | D:10     | Found a transporter.
 10246 | D:10     | Noticed Snorg
 10433 | D:10     | Found a transporter.
 10435 | D:10     | Noticed a fire crab
 10585 | D:10     | Killed Snorg
 10732 | D:10     | Reached skill level 5 in Dodging
 10739 | D:10     | Killed a fire crab
 11024 | D:11     | Reached skill level 5 in Translocations
 11093 | D:11     | Noticed Erolcha
 11120 | D:11     | Killed Erolcha
 11553 | D:11     | Reached ** piety under Sif Muna
 11618 | D:11     | Noticed Fannar
 11645 | D:11     | Killed Fannar
 11907 | D:11     | Upgraded the game from 0.32-a0-931-g5a2cda0630 to
                  | 0.32-a0-932-g546787307d
 11910 | D:11     | Reached skill level 5 in Fighting
 11920 | D:11     | Reached skill level 5 in Armour
 12353 | D:12     | Noticed a deep elf pyromancer
 12359 | D:12     | Killed a deep elf pyromancer
 12484 | D:12     | Noticed a manticore
 12501 | D:12     | Killed a manticore
 12502 | D:12     | Reached skill level 14 in Ice Magic
 12502 | D:12     | Reached XP level 12. HP: 61/86 MP: 14/25
 12535 | D:12     | Noticed a two-headed ogre
 12560 | D:12     | Killed a two-headed ogre
 12561 | D:12     | Reached skill level 10 in Spellcasting
 12747 | D:12     | Noticed Jorgrun
 12790 | D:12     | Slain by Jorgrun

Illustrated notes

Levels and vault maps discovered:
D:1:      minmay_arrival_arboretum_small, layout_rooms
D:2:      layout_basic, minmay_liquid_box, uniq_crazy_yiuf_cottage, uniq_robin
D:3:      layout_basic, ebering_ecumenical_altar_webs, minmay_misc_feat_tiny
D:4:      layout_basic
D:5:      layout_basic, nicolae_uskayaw_dance_hall, minmay_temple_entry_grid,
          serial_glass, glass_columns_c, glass_columns_b,
          minmay_fractal_squares_5, uniq_edmund
D:6:      layout_loops_ring, st_stairs_5
D:7:      layout_basic, grunt_temple_overflow_growth_and_decay,
          serial_bayou_pond_c
D:8:      layout_loops_ring, minitemple, uniq_maggie, uniq_psyche
D:9:      layout_loops_cross, nicolae_ru_sacrificial_ziggurat, lair_entry_dummy,
          ebering_ghost_reflecting_pool, bh_walls_and_bars, uniq_grum
D:10:     gammafunk_cloud_chamber, layout_irregular_city, uniq_snorg
D:11:     layout_cave_pods, gauntlet_entry_generic, uniq_fannar, uniq_erolcha
D:12:     layout_loops_corners, david_orc_3, serial_rivers,
          chequers_serial_rivers_large_a, chequers_serial_rivers_micro_c,
          chequers_serial_rivers_large_b, chequers_serial_rivers_small_b,
          uniq_jorgrun
Temple:   hellmonk_temple_micro_hex

Skill      XL: |  1  2  3  4  5  6  7  8  9 10 11 12 |
---------------+-------------------------------------+-----
Ice Magic      | 5 6 8 9 10 12 13 14 | 14.0
Spellcasting   | 3 4 5 7 8 9 10 | 10.1
Stealth        | 2 |  2.0
Long Blades    | 1 2 |  2.1
Fighting       | 1 2 3 4 5 |  5.2
Armour         | 1 2 3 4 5 |  5.2
Summonings     | 2 4 6 7 |  7.9
Dodging        | 3 4 5 |  5.7
Translocations | 4 6 |  6.1
Conjurations   | |  0.3

Action                     |  1- 3 |  4- 6 |  7- 9 | 10-12 || total
---------------------------+-------+-------+-------+-------++-------
  Melee: Long sword        |     9 |       |       |       ||     9
         Unarmed           |     3 |       |       |       ||     3
         Great sword       |    20 |    16 |       |       ||    36
         Mace              |       |     5 |   143 |   128 ||   276
   Cast: Freeze            |    33 |    24 |    27 |     1 ||    85
         Frozen Ramparts   |     1 |     7 |    17 |    28 ||    53
         Ozocubu's Armour  |     1 |     6 |    12 |    23 ||    42
         Summon Ice Beast  |       |       |     9 |    37 ||    46
         Hailstorm         |       |       |       |     2 ||     2
         Momentum Strike   |       |       |       |     3 ||     3
         Blink             |       |       |       |     1 ||     1
         Teleport Other    |       |       |       |     1 ||     1
 Invoke: Renounce Religion |       |       |       |     1 ||     1
  Evoke: Wand              |       |       |     4 |    17 ||    21
    Use: Potion            |       |     1 |       |     5 ||     6
         Scroll            |       |       |       |    18 ||    18
   Stab: Sleeping          |       |     1 |     3 |       ||     4
 Armour: Robe              |    46 |     3 |       |       ||    49
         Leather armour    |       |    30 |    96 |    55 ||   181
         Acid dragon scale |       |       |       |   117 ||   117
  Dodge: Dodged            |    46 |    24 |   134 |   180 ||   384

Table legend: (Time is in decaauts)
 A = Elapsed time spent in this place.
 B = Non-inter-level travel time spent in this place.
 C = Inter-level travel time spent in this place.
 D = Time resting spent in this place.
 E = Time spent auto-exploring this place.
 F = Levels seen in this place.
 G = Mean time per level.
                   A        B        C        D        E       F      G
               +--------+--------+--------+--------+--------+-----+--------+
         Total |  14435 |  13677 |    758 |    353 |  11000 |  13 | 1110.4 |
       Dungeon |  14390 |  13674 |    716 |    353 |  11000 |  12 | 1199.2 |
        Temple |     44 |      2 |     42 |      0 |      0 |   1 |   44.0 |
               +--------+--------+--------+--------+--------+-----+--------+

Top non-repeatable levels by time:
     D:9: 1905 daAuts
     D:2: 1582 daAuts
    D:11: 1488 daAuts
     D:8: 1336 daAuts
     D:3: 1279 daAuts
     D:5: 1267 daAuts
    D:10: 1230 daAuts
     D:4: 1195 daAuts
     D:7: 1086 daAuts
     D:6: 902 daAuts
     D:1: 646 daAuts
    D:12: 471 daAuts
  Temple: 44 daAuts
